 Dungeon Crawl Stone Soup version 0.31-a0-365-gcf821cafb2 (webtiles) character file.

Game seed: 954059890897844004

392 spiderkeys the Trooper (level 6, -2/44 HPs)
             Began as an Octopode Wanderer on July 27, 2023.
             Slain by an orc
             ... wielding a +0 hand axe
              (4 damage)
             ... on level 5 of the Dungeon.
             The game lasted 00:05:11 (3946 turns).

spiderkeys the Trooper (Octopode Wanderer)          Turns: 3946, Time: 00:05:12

Health: -2/44      AC:  1    Str: 11    XL:     6   Next: 81%
Magic:  11/11      EV: 12    Int: 16    God:
Gold:   169        SH:  0    Dex: 12    Spells: 11/12 levels left

rFire   . . .        a - +3 falchion
rCold   + . .        (no shield)
rNeg    . . .        (helmet restricted)
rPois   .            (no amulet)
rElec   .            C - ring of protection from cold
rCorr   .            (no ring)
SInv    .            (no ring)
Will    .....        (no ring)
Stlth   ++           (no ring)
HPRegen 0.27/turn    (no ring)
MPRegen 0.12/turn    (no ring)
                     (no ring)

%: no passive effects
@: no status effects
A: almost no armour, amphibious, 8 rings, camouflage 1, gelatinous body 1,
(nimble swimmer 1), tentacles
a: no special abilities


You were on level 5 of the Dungeon.
You visited 1 branch of the dungeon, and saw 5 of its levels.

You collected 169 gold pieces.


Innate Abilities, Weirdness & Mutations

You cannot wear most types of armour.
You are amphibious.
You can wear up to eight rings at the same time.
Your skin changes colour to match your surroundings (Stealth+).
Your rubbery body absorbs attacks. (AC +1, EV +1)
((You are camouflaged when in or above water. (Stealth+)))
You have tentacles for arms and can constrict up to eight enemies at once.


   Skills:
 + Level 4.4 Fighting
 + Level 3.8 Long Blades
 - Level 1.0 Throwing
 + Level 3.5 Spellcasting
 + Level 3.8 Conjurations


You had 11 spell levels left.
You knew the following spells:

 Your Spells              Type           Power      Damage    Failure   Level
m - Magic Dart            Conj           60%        1d6       3%          1

Your spell library contained the following spells:

 Spells                   Type           Power      Damage    Failure   Level
 Static Discharge         Conj/Air       18%        2-3/arc   12%         2
 Summon Small Mammal      Summ           8%         N/A       19%         1
 Hailstorm                Conj/Ice       9%         3d4       24%         3
 Call Canine Familiar     Summ           2%         N/A       47%         3
 Summon Guardian Golem    Hex/Summ       2%         N/A       47%         3
 Airstrike                Air            1%         2d(1-17)  87%         4
 Summon Lightning Spire   Summ/Air       2%         N/A       87%         4

Inventory:

Hand Weapons
 a - a +3 falchion (weapon)
Missiles
 d - 21 stones
 f - 2 javelins
 p - 19 poisoned darts
Jewellery
 C - a ring of protection from cold (left tentacle)
   (You found it on level 1 of the Dungeon)
Wands
 r - a wand of flame (1)
   (You took it off a crimson imp on level 3 of the Dungeon)
 s - a wand of polymorph (6)
   (You found it on level 4 of the Dungeon)
Scrolls
 b - 4 scrolls of teleportation {@r4}
 c - a scroll of silence {unknown}
 e - a scroll of vulnerability {unknown}
 g - 2 scrolls of fog {unknown}
 j - 4 scrolls of identify {unknown}
 k - a scroll of brand weapon {unknown}
 l - a scroll of enchant weapon {unknown}
 m - 2 scrolls of immolation {unknown}
 o - a scroll of poison {unknown}
 u - a scroll of blinking {unknown}
 w - a scroll of butterflies {unknown}
Potions
 h - 2 potions of mutation {!q}
 i - a potion of ambrosia {unknown}
 n - a potion of degeneration {unknown}
 q - a potion of heal wounds {unknown}
 t - a potion of attraction {unknown}
 v - a potion of curing {unknown}

Dungeon Overview and Level Annotations

Branches:
Dungeon (5/15) Zot: 26033
 Temple: D:4-7

Altars:
Cheibriados
Makhleb
Qazlal
Vehumet
Yredelemnul

######..##...##.....#####
#..#######...##..).......
#.............#..........
#.............#..........
#..##.####..###....###.##
#####.####### #....###.##
#......'....+.......+..#.
#......#....#.......#..#.
########@).###.######..##
#oo.# #. #..## ....# .
#.... .....#. #....
......# #.... ######.#
##.## .# .###### ..
....... .......


You could see 2 orcs.


Message History

You hit Menkaure. You grab Menkaure. You squeeze Menkaure.
You constrict Menkaure, but do no damage.
Menkaure barely misses you.
You hit Menkaure. You constrict Menkaure.
Menkaure calls on the powers of darkness!
Your body is wracked with pain! 😮 HP[-17]
You take 17 damage, and now have 20/37 hp.
MASSIVE DAMAGE!! (PAUSE)
You hit Menkaure. You squeeze Menkaure, but do no damage.
You constrict Menkaure. Menkaure misses you.
You hit Menkaure but do no damage. You constrict Menkaure. You hit Menkaure.
You destroy Menkaure!
You have reached level 6! 😮 HP[+4] MP[+1]
You now have 43 max hp (+6).
You regained 4 hp, and now have 24/43 hp.
There is an open door here.
Key pressed, stopping explore.
You open the door.
A scorpion and an orc come into view.
There is an open door here. 😎 HP[+19] MP[+4]
Your hp is fully restored (43).
Your mp is fully restored (11).
There are monsters nearby!
The scorpion closely misses you.
You see here 9 gold pieces.
You closely miss the scorpion. Your grab misses the scorpion.
The scorpion closely misses you. The scorpion barely misses you.
You hit the scorpion but do no damage. Your grab misses the scorpion.
The orc shouts!
You hear a shout! x2
The scorpion stings you.
An orc comes into view. It is wielding a +0 hand axe.
The orc shouts! 😕 HP[-4]
You take 4 damage, and now have 39/43 hp.
You closely miss the scorpion. You grab the scorpion.
You constrict the scorpion, but do no damage.
The scorpion stings you.
You are poisoned.
The scorpion poisons you! The orc barely misses you.
The scorpion misses you. 😕 HP[-1]
You take 1 damage, and now have 38/43 hp.
You hit the scorpion but do no damage. You constrict the scorpion.
You feel very sick. The scorpion misses you.
An orc comes into view. It is wielding a +0 whip.
The orc barely misses you. 😕 HP[-3]
You take 3 damage, and now have 35/43 hp.
You hit the scorpion but do no damage. You constrict the scorpion.
You feel sick. The scorpion barely misses you.
An orc wizard comes into view. It is wielding a +0 dagger. 😕 HP[-2]
You take 2 damage, and now have 33/43 hp.
You hit the scorpion. You constrict the scorpion.
You feel sick. The scorpion barely misses you.
The orc hits you with a +0 short sword. The orc hits you with a +0 hand axe!
* * * LOW HITPOINT WARNING * * *
😨 HP[-12]
You take 12 damage, and now have 21/43 hp.
MASSIVE DAMAGE!! (PAUSE)
You slash the scorpion!
You kill the scorpion!
You feel sick. The orc closely misses you. The orc hits you with a +0 hand axe.
* * * LOW HITPOINT WARNING * * *
😨 HP[-1]
You now have 44 max hp (+1).
You hit the orc wizard but do no damage.
You grab the orc wizard. You squeeze the orc wizard.
You constrict the orc wizard.
You feel sick.
The orc wizard hits you but does no damage.
The orc hits you with a +0 short sword.
* * * LOW HITPOINT WARNING * * *
The orc hits you with a +0 hand axe.
* * * LOW HITPOINT WARNING * * *
😨 HP[-5]
You take 5 damage, and now have 15/44 hp.
You slash the orc wizard!
You kill the orc wizard!
You feel sick. The orc barely misses you. The orc hits you with a +0 hand axe.
* * * LOW HITPOINT WARNING * * *
😨 HP[-2]
You take 2 damage, and now have 13/44 hp.
You hit the orc. Your grab misses the orc. You squeeze the orc.
You kill the orc!
You feel sick. The orc hits you with a +0 whip.
* * * LOW HITPOINT WARNING * * *
The orc hits you with a +0 hand axe.
* * * LOW HITPOINT WARNING * * *
😱 HP[-10]
You take 10 damage, and now have 3/44 hp.
MASSIVE DAMAGE!! (PAUSE) It was a potion of mutation.
You feel extremely strange.
Your connection to magic feels subdued.
Your magic regains its normal vibrancy.
You feel sick.
You are no longer poisoned.
The orc hits you but does no damage. The orc hits you with a +0 hand axe.
You die...

Skill      XL: |  1  2  3  4  5 |
---------------+----------------+-----
Long Blades    | 3 |  3.8
Conjurations   | 3 |  3.8
Spellcasting   | 3 |  3.5
Fighting       | 4 |  4.4
Throwing       | |  1.0

Action                     |  1- 3 |  4- 6 || total
---------------------------+-------+-------++-------
  Melee: Falchion          |    61 |    55 ||   116
         Constrict         |    12 |    14 ||    26
         Tentacles         |    10 |    11 ||    21
   Cast: Magic Dart        |    21 |    35 ||    56
  Evoke: Wand              |       |     2 ||     2
    Use: Potion            |       |     1 ||     1
   Stab: Sleeping          |     7 |     4 ||    11
 Armour: Skin              |     3 |     5 ||     8
  Dodge: Dodged            |    30 |    36 ||    66

Levels and vault maps discovered:
D:1:      nicolae_arrival_somewhat_less_tricky_arrival, layout_rooms,
          nicolae_hexahallways
D:2:      layout_loops_ring, shapermc_ecumenical_altar_petra, serial_undead,
          serial_undead_f, serial_undead_d, serial_undead_b, serial_undead_b,
          serial_undead_d, serial_undead_b, serial_undead_e,
          grunt_decor_fettered, nicolae_titane
D:3:      layout_basic, mainiacjoe_overflow_surrounded_room,
          grunt_temple_overflow_lords_of_destruction, minmay_misc_feat_room
D:4:      layout_basic, mainiacjoe_overflow_catwalk_spiral,
          mainiacjoe_overflow_paths, uniq_edmund
D:5:      layout_gridville, uniq_menkaure, uniq_duvessa, uniq_eustachio

Notes
Turn   | Place    | Note
-------+----------+-------------------------------------------
     0 | D:1      | spiderkeys the Octopode Wanderer began the quest for the
                  | Orb.
     0 | D:1      | spiderkeys set off with the following items: a +3 falchion,
                  | a scroll of teleportation {@r4}; and the following spell
                  | memorised: Magic Dart; and the following spells available
                  | to memorise: Hailstorm.
     0 | D:1      | Reached XP level 1. HP: 16/16 MP: 3/3
     0 | D:1      | magus.rc [v1.11.6]
   184 | D:1      | Reached XP level 2. HP: 19/21 MP: 1/5
   240 | D:1      | HP: 5/21 [poisoned by a kobold]
   664 | D:1      | You add the spells Static Discharge, Airstrike and Summon
                  | Lightning Spire to your library.
   875 | D:1      | Reached XP level 3. HP: 26/26 MP: 2/6
  1444 | D:2      | Found a faded altar of an unknown god.
  1697 | D:2      | Reached XP level 4. HP: 31/31 MP: 7/7
  2304 | D:3      | Found a burning altar of Makhleb.
  2304 | D:3      | Found a radiant altar of Vehumet.
  2318 | D:3      | Reached skill level 3 in Long Blades
  2318 | D:3      | Reached skill level 3 in Conjurations
  2318 | D:3      | Reached XP level 5. HP: 24/37 MP: 9/9
  2349 | D:3      | HP: 9/37 [gnoll/+0 halberd (13)]
  2523 | D:3      | Reached skill level 3 in Spellcasting
  2839 | D:4      | Reached skill level 4 in Fighting
  2887 | D:4      | Found a basalt altar of Yredelemnul.
  2916 | D:4      | Found a snail-covered altar of Cheibriados.
  3079 | D:4      | Found a stormy altar of Qazlal.
  3091 | D:4      | Noticed Edmund
  3097 | D:4      | Edmund changed into Edmund the jackal
  3097 | D:4      | Noticed Edmund
  3099 | D:4      | Killed Edmund the jackal
  3224 | D:4      | You add the spells Summon Small Mammal, Call Canine
                  | Familiar and Summon Guardian Golem to your library.
  3612 | D:5      | Entered Level 5 of the Dungeon
  3720 | D:5      | Noticed Menkaure
  3833 | D:5      | Killed Menkaure
  3834 | D:5      | Reached XP level 6. HP: 24/43 MP: 7/11
  3945 | D:5      | HP: 8/44 [orc/+0 whip (4)]
  3945 | D:5      | HP: 3/44 [orc/+0 hand axe (5)]
  3946 | D:5      | Gained mutation: Your spells are a little easier to cast,
                  | but a little less powerful. [potion of mutation]
  3946 | D:5      | Lost mutation: Your spells are a little easier to cast, but
                  | a little less powerful. [potion of mutation]
  3946 | D:5      | Slain by an orc

Vanquished Creatures
  Menkaure (D:5)
  A scorpion (D:5)
  A crimson imp (D:3)
  A hound (D:4)
  An orc wizard (D:5)
  3 gnolls (D:3)
  2 adders
  2 adder skeletons (D:2)
  An adder zombie (D:2)
  2 worms
  A dart slug (D:1)
  An orc (D:5)
  A bat zombie (D:2)
  5 endoplasms
  2 giant cockroaches
  6 goblins
  8 hobgoblins
  A jackal (D:4)
  6 quokkas
  4 ball pythons
  A ball python skeleton (D:2)
  6 bats
  3 frilled lizards
  4 kobolds
  5 rats
69 creatures vanquished.

Table legend:
 A = Non-vault XP
 B = Vault XP
 C = Vault XP percentage of total XP
 D = Non-vault monster count
 E = Vault monster count
 F = Vault count percentage of total count
                 A         B        C        D         E       F
            +---------+---------+-------+---------+---------+-------
      Total |     320 |     241 |  43.0 |      61 |       8 |  11.6
            +---------+---------+-------+---------+---------+-------
        D:1 |      43 |       0 |   0.0 |      25 |       0 |   0.0
        D:2 |      41 |      18 |  30.5 |      17 |       5 |  22.7
        D:3 |      71 |      46 |  39.3 |      10 |       1 |   9.1
        D:4 |      51 |       2 |   3.8 |       6 |       1 |  14.3
        D:5 |     114 |     175 |  60.6 |       3 |       1 |  25.0
            +---------+---------+-------+---------+---------+-------

Skill      XL: |  1  2  3  4  5 |
---------------+----------------+-----
Long Blades    | 3 |  3.8
Conjurations   | 3 |  3.8
Spellcasting   | 3 |  3.5
Fighting       | 4 |  4.4
Throwing       | |  1.0

Action                     |  1- 3 |  4- 6 || total
---------------------------+-------+-------++-------
  Melee: Falchion          |    61 |    55 ||   116
         Constrict         |    12 |    14 ||    26
         Tentacles         |    10 |    11 ||    21
   Cast: Magic Dart        |    21 |    35 ||    56
  Evoke: Wand              |       |     2 ||     2
    Use: Potion            |       |     1 ||     1
   Stab: Sleeping          |     7 |     4 ||    11
 Armour: Skin              |     3 |     5 ||     8
  Dodge: Dodged            |    30 |    36 ||    66

Illustrated notes

Table legend:
 A = Kills in this place as a percentage of kills in the entire game.
 B = Kills by you in this place as a percentage of kills by you in the entire game.
 C = Kills by friends in this place as a percentage of kills by friends in the entire game.
 D = Other kills in this place as a percentage of other kills in the entire game.
 E = Experience gained in this place as a percentage of experience gained in the entire game.
 F = Experience gained in this place divided by the number of levels of this place that you have seen.
                   A       B       C       D       E      F
               +-------+-------+-------+-------+-------+----------------------
         Total | 100.0 | 100.0 |   N/A |   N/A | 100.0 | 112.2
       Dungeon | 100.0 | 100.0 |   N/A |   N/A | 100.0 | 112.2
               +-------+-------+-------+-------+-------+----------------------

Table legend: (Time is in decaauts)
 A = Elapsed time spent in this place.
 B = Non-inter-level travel time spent in this place.
 C = Inter-level travel time spent in this place.
 D = Time resting spent in this place.
 E = Time spent auto-exploring this place.
 F = Levels seen in this place.
 G = Mean time per level.
                   A        B        C        D        E       F      G
               +--------+--------+--------+--------+--------+-----+--------+
         Total |   3965 |   3865 |    100 |    182 |   3207 |   5 |  793.0 |
       Dungeon |   3965 |   3865 |    100 |    182 |   3207 |   5 |  793.0 |
               +--------+--------+--------+--------+--------+-----+--------+

Top non-repeatable levels by time:
     D:1: 1142 daAuts
     D:4: 952 daAuts
     D:3: 821 daAuts
     D:2: 806 daAuts
     D:5: 243 daAuts
